 Dungeon Crawl Stone Soup version 0.27-a0-543-gd81048afd2 (webtiles) character file.

Game seed: 12984186316015085347

490 Leibowitz the Slasher (level 6, -3/76 HPs)
             Began as a Demigod Fighter on Mar 7, 2021.
             Slain by an orc warrior
             ... wielding a +0 mace
              (12 damage)
             ... on level 6 of the Dungeon.
             The game lasted 00:09:44 (5899 turns).

Leibowitz the Slasher (Demigod Fighter)             Turns: 5899, Time: 00:09:44

Health: -3/76      AC: 13    Str: 25    XL:     6   Next: 59%
Magic:  8/8        EV:  6    Int: 10    God:
Gold:   338        SH: 10    Dex: 13    Spells: 2/5 levels left

rFire    . . .     SeeInvis .   a - +0 long sword
rCold    + . .     Faith    .   c - +0 kite shield
rNeg     . . .     Spirit   .   f - +2 chain mail {rC+}
rPois    .         Reflect  .   h - +1 helmet
rElec    .         Harm     .   (no cloak)
rCorr    .         Rampage  .   (no gloves)
Will     .....                  (no boots)
Stlth    ..........             y - amulet of the acrobat
HPRegen  0.22/turn              (no ring)
MPRegen  0.11/turn              (no ring)

@: berserking, flying, very quick
A: high mp 1, forlorn
a: no special abilities


You were on level 6 of the Dungeon.
You visited 1 branch of the dungeon, and saw 6 of its levels.
You also visited: Ossuary.

You collected 338 gold pieces.

Inventory:

Hand Weapons
 a - a +0 long sword (weapon)
Armour
 c - a +0 kite shield (worn)
 f - a +2 chain mail of cold resistance (worn)
 h - a +1 helmet (worn)
 n - a +0 plate armour
Jewellery
 y - an amulet of the acrobat (around neck)
Wands
 A - a wand of flame (17)
Scrolls
 d - a scroll of silence {unknown}
 i - 3 scrolls of amnesia {unknown}
 j - 6 scrolls of teleportation {unknown}
 m - 4 scrolls of enchant armour {unknown}
 p - 6 scrolls of identify {unknown}
 r - 3 scrolls of immolation {unknown}
 t - a scroll of blinking {unknown}
 v - 2 scrolls of enchant weapon {unknown}
 z - a scroll of random uselessness {unknown}
Potions
 b - 6 potions of flight
 e - 4 potions of curing
 g - a potion of cancellation {unknown}
 k - 4 potions of berserk rage
 l - 4 potions of mutation {unknown}
 o - 5 potions of heal wounds {unknown}
 q - 2 potions of haste
 s - 3 potions of attraction {unknown}
 u - a potion of might
 w - a potion of magic {unknown}
 x - a potion of degeneration {unknown}


   Skills:
 + Level 3.6 Fighting
 + Level 4.8 Long Blades
 + Level 3.6 Armour
 + Level 0.8 Dodging
 + Level 0.1 Stealth
 + Level 4.0 Shields


You had 2 spell levels left.
You knew the following spells:

 Your Spells              Type           Power      Damage    Failure   Level
a - Confusing Touch       Hex            0%         N/A       100%        3

Your spell library contained the following spells:

 Spells                   Type           Power      Damage    Failure   Level
 Gell's Gravitas          Tloc           0%         N/A       100%        3
 Petrify                  Tmut/Erth      0%         N/A       100%        4
 Metabolic Englaciation   Hex/Ice        0%         N/A       100%        5
 Yara's Violent Unravell  Hex/Tmut       0%         3d3       100%        5


Dungeon Overview and Level Annotations

Branches:
Dungeon (6/15)             Temple (0/1) D:5         Ossuary (visited)


Innate Abilities, Weirdness & Mutations

Your attributes grow dramatically as you level up.
You have an increased reservoir of magic. (+10% MP)
You shall have no god before yourself.


Message History

The orc warrior closely misses you.
It was a potion of flight.
You feel very buoyant.
You fly up into the air.
You block the orc warrior's attack.
It was a potion of curing.
You feel better.
An orc wizard appears from thin air!
Reactivating autopickup.
You block the orc warrior's attack.
You hit the orc warrior but do no damage.
The orc warrior is moderately wounded.
The orc warrior hits you but does no damage.
You hit the orc warrior.
The orc warrior is heavily wounded.
The orc warrior hits you but does no damage.
You hit the orc warrior but do no damage.
The orc warrior is heavily wounded.
The orc wizard gestures at itself while chanting.
The orc wizard flickers and vanishes!
Deactivating autopickup; reactivate with Ctrl-A.
You block the orc warrior's attack.
You hit the orc warrior but do no damage.
The orc warrior is heavily wounded.
The orc warrior hits you with a +0 mace!
* * * LOW HITPOINT WARNING * * *
You hit the orc warrior.
The orc warrior is heavily wounded.
The orc warrior hits you but does no damage.
The orc warrior hits you with a +0 mace!
* * * LOW HITPOINT WARNING * * *
It was a potion of berserk rage.
A red film seems to cover your vision as you go berserk!
You feel yourself moving faster!
You feel mighty!
You slash the orc warrior!
The orc warrior is almost dead.
The orc warrior hits you with a +0 mace.
* * * LOW HITPOINT WARNING * * *
You barely miss the orc warrior.
The orc warrior is almost dead.
The orc warrior hits you with a +0 mace!
You die...

#.#.# #.# #.#.# #.#
#(#†# #.# #.#.# #.#
#.#.###############.#
#.#.................#
#.###################
#..........#
##########@# #o# #{#
#{# #=# ..# ###


You could see an orc warrior.

Vanquished Creatures
  A wraith (Ossuary)
  A phantom (D:4)
  A hound (D:4)
  A worker ant (D:6)
  A hound zombie (D:5)
  2 mummies
  A worker ant zombie (D:5)
  4 adders
  A white imp (D:5)
  4 oozes
  An adder skeleton (D:4)
  A dart slug (D:2)
  2 leopard geckos
  6 orcs
  A giant cockroach (D:2)
  7 goblins
  6 hobgoblins
  13 jackals
  A quokka (D:6)
  9 bats
  5 frilled lizards
  3 gnoll skeletons (Ossuary)
  7 kobolds
  6 kobold skeletons (Ossuary)
  2 leopard gecko skeletons
  16 orc skeletons (Ossuary)
  10 rats
113 creatures vanquished.

Vanquished Creatures (others)
  A plant (D:2)
1 creature vanquished.

Grand Total: 114 creatures vanquished

Notes
Turn   | Place    | Note
-------+----------+-------------------------------------------
     0 | D:1      | Leibowitz the Demigod Fighter began the quest for the Orb.
     0 | D:1      | Reached XP level 1. HP: 18/18 MP: 3/3
   394 | D:1      | Reached XP level 2. HP: 21/26 MP: 4/4
  1031 | D:1      | Reached XP level 3. HP: 31/31 MP: 5/5
  2571 | D:3      | Reached XP level 4. HP: 36/38 MP: 6/6
  3408 | D:4      | Found a sand-covered staircase.
  3705 | Ossuary  | Entered an ossuary
  3705 | Ossuary  | Noticed a wraith
  3705 | Ossuary  | Noticed a wraith
  3705 | Ossuary  | Noticed a wraith
  3900 | Ossuary  | Reached XP level 5. HP: 45/45 MP: 7/7
  3957 | Ossuary  | Noticed a wraith
  3984 | Ossuary  | Killed a wraith
  4237 | D:4      | Reached XP level 6. HP: 51/51 MP: 8/8
  5012 | D:4      | Learned a level 3 spell: Confusing Touch
  5061 | D:5      | Entered Level 5 of the Dungeon
  5486 | D:5      | Found a staircase to the Ecumenical Temple.
  5899 | D:6      | Slain by an orc warrior

Illustrated notes

Levels and vault maps discovered:
D:1:      wheals_arrival_shading, layout_loops_ring, minmay_liquid_box
D:2:      layout_basic, serial_bayou_pond_d
D:3:      layout_loops_cross, kennysheep_doodads
D:4:      minmay_door_path, layout_basic, gup_ossuary_entry_pyramid
D:5:      layout_rooms, lemuel_temple_firewalk_b, serial_glass, glass_columns_a,
          glass_columns_a, grunt_gozag_breadcrumbs
D:6:      layout_basic

Skill      XL: |  1  2  3  4  5  6 |
---------------+-------------------+-----
Fighting       | 3 |  3.6
Long Blades    | 2 3 4 |  4.8
Shields        | 3 4 |  4.0
Armour         | 3 |  3.6
Dodging        | |  0.8
Stealth        | |  0.1

Action                   |  1- 3 |  4- 6 || total
-------------------------+-------+-------++-------
Melee: Long sword        |   187 |   228 ||   415
Evoke: Wand              |       |     1 ||     1
  Use: Potion            |       |     5 ||     5
Armor: Chain mail        |    96 |    80 ||   176
       Scale mail        |     2 |       ||     2
       Plate armour      |    25 |    61 ||    86
Dodge: Dodged            |    45 |    62 ||   107
Block: Kite shield       |   108 |   127 ||   235
       Rpst.: Long sword |    11 |    21 ||    32

Table legend: (Time is in decaauts)
 A = Elapsed time spent in this place.
 B = Non-inter-level travel time spent in this place.
 C = Inter-level travel time spent in this place.
 D = Time resting spent in this place.
 E = Time spent auto-exploring this place.
 F = Levels seen in this place.
 G = Mean time per level.
                   A        B        C        D        E       F      G
               +--------+--------+--------+--------+--------+-----+--------+
         Total |   6114 |   5849 |    265 |    562 |   3990 |   7 |  873.4 |
       Dungeon |   5638 |   5373 |    265 |    351 |   3979 |   6 |  939.7 |
       Ossuary |    475 |    475 |      0 |    211 |     11 |   1 |  475.0 |
               +--------+--------+--------+--------+--------+-----+--------+

Top non-repeatable levels by time:
     D:2: 1457 daAuts
     D:4: 1290 daAuts
     D:1: 1121 daAuts
     D:3: 909 daAuts
     D:5: 488 daAuts
 Ossuary: 475 daAuts
     D:6: 370 daAuts
